 Dungeon Crawl Stone Soup version 0.25.0-33-gff14898491 (webtiles) character file.

Game seed: 4354372290475247822

163 Peloso the Shield-Bearer (level 5, 0/41 HPs)
             Began as a Demonspawn Fighter on July 6, 2020.
             Succumbed to a scorpion's poison
             ... on level 4 of the Dungeon.
             The game lasted 00:03:56 (2261 turns).

Peloso the Shield-Bearer (Demonspawn Fighter)       Turns: 2261, Time: 00:03:56

Health: 0/41       AC: 13    Str: 17    XL:     5   Next: 20%
Magic:  5/5        EV:  5    Int:  9    God:
Gold:   123        SH:  9    Dex: 13    Spells: 4/4 levels left

rFire    . . .     SeeInvis .   a - +0 long sword
rCold    + . .     Gourm    .   c - +0 kite shield
rNeg     . . .     Faith    .   j - +0 chain mail
rPois    .         Spirit   .   e - +0 helmet
rElec    .         Reflect  .   (no cloak)
rCorr    .         Harm     .   (no gloves)
MR       .....                  i - +0 pair of boots
Stlth    ..........             (no amulet)
HPRegen  0.13/turn              o - ring of ice
MPRegen  0.09/turn              (no ring)

@: lethally poisoned (0 -> -11), hasted, very quick
A: claws 1, hooves 1, iridescent scales 1, fire resistance 1
a: no special abilities


You were on level 4 of the Dungeon.
You were not hungry.

You visited 1 branch of the dungeon, and saw 4 of its levels.

You collected 123 gold pieces.

Inventory:

Hand Weapons
 a - a +0 long sword (weapon)
Armour
 b - a +0 scale mail
 c - a +0 kite shield (worn)
 e - a +0 helmet (worn)
 i - a +0 pair of boots (worn)
 j - a +0 chain mail (worn)
Jewellery
 o - a ring of ice (left claw)
Wands
 h - a wand of disintegration (18)
 l - a wand of digging (5)
 m - a wand of random effects (20)
Scrolls
 g - 2 scrolls of teleportation {unknown}
 k - 3 scrolls of identify {unknown}
 n - 2 scrolls of remove curse {unknown}
Potions
 d - a potion of might
Comestibles
 f - 2 rations
 s - a chunk of flesh


   Skills:
 + Level 3.4 Fighting
 + Level 3.2 Long Blades
 + Level 3.3 Armour
 + Level 0.5 Dodging
 + Level 0.1 Stealth
 + Level 3.7 Shields


You had 4 spell levels left.
You didn't know any spells.
Your spell library was empty.

Dungeon Overview and Level Annotations

Branches:
Dungeon (4/15)
 Temple: D:4-7

Altars:
Fedhas
Nemelex Xobeh
Trog
Yredelemnul
Zin


Innate Abilities, Weirdness & Mutations

You are partially covered in iridescent scales. (AC +2)
You have sharp fingernails.
You have large cloven feet.
Your flesh is heat resistant. (rF+)


Message History

You block the scorpion's attack. You block the hound's attack.
Your shield prevents you from hitting the hound.
The hound is severely wounded.
The scorpion stings you.
* * * LOW HITPOINT WARNING * * *
You are more poisoned.
The scorpion poisons you! The hound barely misses you.
You hit the hound.
The hound is almost dead.
* * * LOW HITPOINT WARNING * * *
You feel sick. The hound bites you but does no damage.
You block the scorpion's attack.
You hit the hound but do no damage.
The hound is almost dead.
* * * LOW HITPOINT WARNING * * *
You feel sick. The hound barely misses you. You block the scorpion's attack.
The hound bites you but does no damage.
Your chain mail prevents you from hitting the hound.
The hound is almost dead.
You die...

... #.#.#
###.###.#.#
#.....#.#.##
##.#.#.#.#..#
..........รท..#
###.#.#.#..<.#
...>.###..#
###.### #..# #.
#@.# . #hs# #
#..# #..# #(.#
#..# ...# ...#


You could see a scorpion and a hound.

Vanquished Creatures
  A hound (D:3)
  An orc wizard (D:3)
  2 adders (D:3)
  3 oozes
  2 worms (D:2)
  3 dart slugs
  A leopard gecko (D:3)
  5 orcs (D:3)
  2 giant cockroaches
  6 goblins
  6 hobgoblins
  7 kobolds
  A quokka (D:3)
  7 bats
  5 frilled lizards
  10 rats
62 creatures vanquished.

Vanquished Creatures (others)
  6 toadstools (D:3)
6 creatures vanquished.

Grand Total: 68 creatures vanquished

Notes
Turn   | Place    | Note
-------+----------+-------------------------------------------
     0 | D:1      | Peloso the Demonspawn Fighter began the quest for the Orb.
     0 | D:1      | Reached XP level 1. HP: 18/18 MP: 1/1
   353 | D:1      | Gained mutation: You are partially covered in iridescent
                  | scales. (AC +2) [demonic ancestry]
   353 | D:1      | Reached XP level 2. HP: 24/24 MP: 2/2
   462 | D:1      | Found a basalt altar of Yredelemnul.
   782 | D:2      | Reached XP level 3. HP: 28/29 MP: 3/3
  1061 | D:2      | Found a bloodstained altar of Trog.
  1144 | D:2      | Found a sparkling altar of Nemelex Xobeh.
  1145 | D:2      | Found a blossoming altar of Fedhas.
  1427 | D:2      | Found a glowing silver altar of Zin.
  1668 | D:3      | Reached XP level 4. HP: 30/35 MP: 4/4
  2133 | D:3      | Reached XP level 5. HP: 4/41 MP: 5/5
  2136 | D:3      | Gained mutation: Your flesh is heat resistant. (rF+)
                  | [potion of mutation]
  2136 | D:3      | Gained mutation: You have large cloven feet. [potion of
                  | mutation]
  2136 | D:3      | Gained mutation: You have sharp fingernails. [potion of
                  | mutation]
  2259 | D:4      | HP: 2/41 [poisoned by a scorpion]
  2261 | D:4      | Succumbed to a scorpion's poison

Illustrated notes

Levels and vault maps discovered:
D:1:      mrwooster_arrival_statue_2, layout_basic, minmay_hexomino_r4
D:2:      layout_loops_ring, zin_statuary, gammafunk_temple_overflow_statue,
          trog_three_pillars_becter
D:3:      cheibrodos_fertilizer, layout_basic, minmay_ogre_servants
D:4:      layout_loops_ring, lemuel_doored_altar, bloody_trog, first_ration

Skill      XL: |  1  2  3  4 |
---------------+-------------+-----
Shields        | 3 |  3.7
Armour         | 3 |  3.3
Long Blades    | 2 3 |  3.2
Fighting       | |  3.4
Dodging        | |  0.5
Stealth        | |  0.1

Action                   |  1- 3 |  4- 6 || total
-------------------------+-------+-------++-------
Melee: Long sword        |   163 |    82 ||   245
  Use: Potion            |       |     4 ||     4
  Eat: Chunk             |     3 |     2 ||     5
Armor: Scale mail        |    48 |       ||    48
       Chain mail        |    60 |   125 ||   185
Dodge: Dodged            |    53 |    21 ||    74
Block: Kite shield       |    98 |    71 ||   169
       Rpst.: Long sword |    21 |     5 ||    26
